PAA
AKRON BLIMPS @ ITHACA FIGHTING IMPS
09/16/2041
 
TOP OF THE 1ST
Akron Blimps batting - Pitching for Ithaca Fighting Imps : LHP José Flores
Pitching: LHP José Flores
Batting: RHB Jeff Camp 0-0: Fly out, F4 (Popup, 4D, EV 45.6 MPH)
Batting: RHB Alohinani Puanani 0-0: Ball
1-0: Swinging Strike
1-1: Foul Ball, location: 2F
1-2: Ball
2-2: Ball
3-2: Base on Balls
Batting: LHB Numberto Pencíl 0-0: Swinging Strike
0-1: Foul Ball, location: 2F
0-2: Ball
1-2: Strikes out swinging
Batting: RHB Charlie Cummings 0-0: Ball
1-0: Foul Ball, location: 2F
1-1: Called Strike
1-2: Fly out, F6 (Popup, P, EV 79.4 MPH)
Top of the 1st over - 0 runs, 0 hits, 0 errors, 1 left on base; Akron 0 - Ithaca 0
BOTTOM OF THE 1ST
Ithaca Fighting Imps batting - Pitching for Akron Blimps : LHP Randy Ryan
Pitching: LHP Randy Ryan
Batting: SHB Paul Wood 0-0: Foul Ball, location: 2F
0-1: Ball
1-1: Foul Ball, location: 2F
1-2: Ball
2-2: Ball
3-2: Ground out 6-3 (Groundball, 6, EV 81.9 MPH)
Batting: RHB Patrick Mildren 0-0: Foul Ball, location: 2F
0-1: Ball
1-1: Ball
2-1: Ball
3-1: Base on Balls
Batting: RHB Jonathan Elmore 0-0: Ball
1-0: Ball
2-0: Called Strike
2-1: Swinging Strike
2-2: Grounds into double play, 5-4-3 (Groundball, 5, EV 83.1 MPH)
Bottom of the 1st over - 0 runs, 0 hits, 0 errors, 0 left on base; Akron 0 - Ithaca 0
TOP OF THE 2ND
Akron Blimps batting - Pitching for Ithaca Fighting Imps : LHP José Flores
Batting: LHB Octávio Obezo 0-0: Ball
1-0: Called Strike
1-1: Fly out, F7 (Line Drive, 7, EV 106.2 MPH)
Batting: RHB Dave Hill 0-0: Called Strike
0-1: Ball
1-1: Called Strike
1-2: Foul Ball, location: 2F
1-2: Foul Ball, location: 2F
1-2: Foul Ball, location: 2F
1-2: Foul Ball, location: 2F
1-2: Strikes out swinging
Batting: LHB Pedro Durán 0-0: Foul Ball, location: 2F
0-1: Ball
1-1: Ball
2-1: Ground out 4-3 (Groundball, 4, EV 81.2 MPH)
Top of the 2nd over - 0 runs, 0 hits, 0 errors, 0 left on base; Akron 0 - Ithaca 0
BOTTOM OF THE 2ND
Ithaca Fighting Imps batting - Pitching for Akron Blimps : LHP Randy Ryan
Batting: RHB Juan Núñez 0-0: Ball
1-0: Foul Ball, location: 2F
1-1: SINGLE (Groundball, 4MD, EV 94.4 MPH)
Batting: RHB Ted Norman 0-0: Called Strike
0-1: Ball
1-1: Ball
2-1: Ball
3-1: Base on Balls
Juan Núñez to second
Batting: LHB Donald McJannett 0-0: Ball
1-0: Ball
2-0: Ball
3-0: Base on Balls
Juan Núñez to third
Ted Norman to second
Batting: RHB Adrián Xirau 0-0: Called Strike
0-1: Ball
1-1: Called Strike
1-2: Ball
2-2: Foul Ball, location: 2F
2-2: Strikes out looking
Batting: RHB J.J. Holmes 0-0: Ball
1-0: Foul Ball, location: 2F
1-1: Swinging Strike
1-2: Strikes out looking
Batting: LHB Jimmy Wilcox 0-0: Called Strike
0-1: Swinging Strike
0-2: Ball
1-2: Foul Ball, location: 2F
1-2: Foul Ball, location: 2F
1-2: Strikes out looking
Bottom of the 2nd over - 0 runs, 1 hit, 0 errors, 3 left on base; Akron 0 - Ithaca 0
TOP OF THE 3RD
Akron Blimps batting - Pitching for Ithaca Fighting Imps : LHP José Flores
Batting: RHB Jim Robbins 0-0: Ground out U3 (Groundball, 34S, EV 78.1 MPH)
Batting: SHB Salvador Berrocal 0-0: Called Strike
0-1: DOUBLE (Flyball, 89XD, EV 111.9 MPH)
Batting: RHB Jeff Camp 0-0: Foul Ball, location: 2F
0-1: Called Strike
0-2: Ball
1-2: Ball
2-2: Foul Ball, location: 2F
2-2: Strikes out looking
Batting: RHB Alohinani Puanani 0-0: Foul Ball, location: 2F
0-1: Ball
1-1: Ball
2-1: Swinging Strike
2-2: Foul Ball, location: 2F
2-2: Ball
3-2: Base on Balls
Batting: LHB Numberto Pencíl 0-0: Foul Ball, location: 2F
0-1: Ball
1-1: Ball
2-1: Fly out, F4 (Flyball, 34D, EV 82.5 MPH)
Top of the 3rd over - 0 runs, 1 hit, 0 errors, 2 left on base; Akron 0 - Ithaca 0
BOTTOM OF THE 3RD
Ithaca Fighting Imps batting - Pitching for Akron Blimps : LHP Randy Ryan
Batting: SHB Paul Wood 0-0: Ball
1-0: Ball
2-0: Called Strike
2-1: Ground out 3-1 (Groundball, 34S, EV 64.4 MPH)
Batting: RHB Patrick Mildren 0-0: Ball
1-0: Swinging Strike
1-1: Foul Ball, location: 2F
1-2: Ball
2-2: Strikes out swinging
Batting: RHB Jonathan Elmore 0-0: Ball
1-0: Ball
2-0: Called Strike
2-1: Ball
3-1: Foul Ball, location: 2F
3-2: Base on Balls
Batting: RHB Juan Núñez 0-0: Ball
1-0: Fly out, F7 (Flyball, 7D, EV 83.8 MPH)
Bottom of the 3rd over - 0 runs, 0 hits, 0 errors, 1 left on base; Akron 0 - Ithaca 0
TOP OF THE 4TH
Akron Blimps batting - Pitching for Ithaca Fighting Imps : LHP José Flores
Batting: RHB Charlie Cummings 0-0: Ball
1-0: Swinging Strike
1-1: Swinging Strike
1-2: Strikes out swinging
Batting: LHB Octávio Obezo 0-0: Ball
1-0: Called Strike
1-1: Ball
2-1: Foul Ball, location: 2F
2-2: Foul Ball, location: 2F
2-2: Foul Ball, location: 2F
2-2: Strikes out swinging
Batting: RHB Dave Hill 0-0: Swinging Strike
0-1: Foul Ball, location: 2F
0-2: Strikes out looking
Top of the 4th over - 0 runs, 0 hits, 0 errors, 0 left on base; Akron 0 - Ithaca 0
BOTTOM OF THE 4TH
Ithaca Fighting Imps batting - Pitching for Akron Blimps : LHP Randy Ryan
Batting: RHB Ted Norman 0-0: Swinging Strike
0-1: Foul Ball, location: 2F
0-2: Fly out, F9 (Line Drive, 9D, EV 90.0 MPH)
Batting: LHB Donald McJannett 0-0: Ball
1-0: Ball
2-0: Called Strike
2-1: Foul Ball, location: 2F
2-2: Foul Ball, location: 2F
2-2: Ball
3-2: Ground out 4-3 (Groundball, 4, EV 89.4 MPH)
Batting: RHB Adrián Xirau 0-0: Called Strike
0-1: Ball
1-1: Swinging Strike
1-2: Fly out, F8 (Flyball, 78D, EV 103.8 MPH)
Bottom of the 4th over - 0 runs, 0 hits, 0 errors, 0 left on base; Akron 0 - Ithaca 0
TOP OF THE 5TH
Akron Blimps batting - Pitching for Ithaca Fighting Imps : LHP José Flores
Batting: LHB Pedro Durán 0-0: Foul Ball, location: 2F
0-1: Foul Ball, location: 2F
0-2: Strikes out looking
Batting: RHB Jim Robbins 0-0: Ball
1-0: Called Strike
1-1: Foul Ball, location: 2F
1-2: Foul Ball, location: 2F
1-2: Fly out, F6 (Flyball, 6MD, EV 88.8 MPH)
Batting: SHB Salvador Berrocal 0-0: Ground out 4-3 (Groundball, 4, EV 87.5 MPH)
Top of the 5th over - 0 runs, 0 hits, 0 errors, 0 left on base; Akron 0 - Ithaca 0
BOTTOM OF THE 5TH
Ithaca Fighting Imps batting - Pitching for Akron Blimps : LHP Randy Ryan
Batting: RHB J.J. Holmes 0-0: Ball
1-0: SINGLE (Line Drive, 6D, EV 106.9 MPH)
Batting: LHB Jimmy Wilcox 0-0: Sac Bunt to 25 - play at first, batter OUT! 5-3
J.J. Holmes to second
Batting: SHB Paul Wood 0-0: Fly out, F7 (Flyball, 78S, EV 86.9 MPH)
Batting: RHB Patrick Mildren 0-0: Called Strike
0-1: Fly out, F7 (Flyball, 7LM, EV 104.4 MPH)
Bottom of the 5th over - 0 runs, 1 hit, 0 errors, 1 left on base; Akron 0 - Ithaca 0
TOP OF THE 6TH
Akron Blimps batting - Pitching for Ithaca Fighting Imps : LHP José Flores
Batting: RHB Jeff Camp 0-0: Ball
1-0: Foul Ball, location: 2F
1-1: Swinging Strike
1-2: Strikes out swinging
Batting: RHB Alohinani Puanani 0-0: Ball
1-0: Foul Ball, location: 2F
1-1: Foul Ball, location: 2F
1-2: Ball
2-2: Fly out, F8 (Flyball, 8RM, EV 90.6 MPH)
Batting: LHB Numberto Pencíl 0-0: Ball
1-0: Foul Ball, location: 2F
1-1: Ball
2-1: Fly out, F8 (Line Drive, 8LM, EV 108.8 MPH)
Top of the 6th over - 0 runs, 0 hits, 0 errors, 0 left on base; Akron 0 - Ithaca 0
BOTTOM OF THE 6TH
Ithaca Fighting Imps batting - Pitching for Akron Blimps : LHP Randy Ryan
Batting: RHB Jonathan Elmore 0-0: Fly out, F8 (Line Drive, 8LS, EV 101.2 MPH)
Batting: RHB Juan Núñez 0-0: Foul Ball, location: 2F
0-1: Ball
1-1: Foul Ball, location: 2F
1-2: Ball
2-2: Ball
3-2: Fly out, F9 (Flyball, 89D, EV 105.6 MPH)
Batting: RHB Ted Norman 0-0: Called Strike
0-1: TRIPLE (Flyball, 89XD, EV 98.1 MPH)
Batting: LHB Donald McJannett 0-0: Ball
1-0: Swinging Strike
1-1: Fly out, F7 (Flyball, 78S, EV 74.4 MPH)
Bottom of the 6th over - 0 runs, 1 hit, 0 errors, 1 left on base; Akron 0 - Ithaca 0
TOP OF THE 7TH
Akron Blimps batting - Pitching for Ithaca Fighting Imps : LHP José Flores
Pitching: RHP Marcos Córdova
Batting: RHB Charlie Cummings 0-0: Called Strike
0-1: DOUBLE (Flyball, 89XD, EV 109.4 MPH)
Batting: LHB Octávio Obezo 0-0: Intentional Walk
Batting: RHB Dave Hill 0-0: Bunted foul
0-1: Bunt missed!
0-2: Ball
1-2: Strikes out swinging
Batting: LHB Pedro Durán 0-0: Ball
1-0: Foul Ball, location: 2F
1-1: 3-RUN HOME RUN (Flyball, 9D, EV 102.5 MPH), Distance : 380 ft
Pitching: RHP Surya Prawiranega
Batting: RHB Jim Robbins 0-0: Fly out, F7 (Flyball, 78D, EV 86.9 MPH)
Batting: SHB Salvador Berrocal 0-0: Foul Ball, location: 2F
0-1: Foul Ball, location: 2F
0-2: Strikes out swinging
Top of the 7th over - 3 runs, 2 hits, 0 errors, 0 left on base; Akron 3 - Ithaca 0
BOTTOM OF THE 7TH
Ithaca Fighting Imps batting - Pitching for Akron Blimps : LHP Randy Ryan
Batting: RHB Adrián Xirau 0-0: Ball
1-0: Ball
2-0: Called Strike
2-1: Swinging Strike
2-2: Fly out, F8 (Flyball, 8LM, EV 83.8 MPH)
Batting: RHB J.J. Holmes 0-0: Fly out, F9 (Flyball, 89M, EV 86.9 MPH)
Batting: LHB Jimmy Wilcox 0-0: Ball
1-0: Ball
2-0: Foul Ball, location: 2F
2-1: Ball
3-1: TRIPLE (Flyball, 89XD, EV 112.5 MPH)
Batting: SHB Paul Wood 0-0: SINGLE (Flyball, 89S, EV 86.9 MPH)
Jimmy Wilcox scores
Pitching: RHP Vicente López
Batting: RHB Patrick Mildren 0-0: Called Strike
Paul Wood is caught stealing 2nd base 2-4
Bottom of the 7th over - 1 run, 2 hits, 0 errors, 0 left on base; Akron 3 - Ithaca 1
TOP OF THE 8TH
Akron Blimps batting - Pitching for Ithaca Fighting Imps : RHP Surya Prawiranega
Batting: RHB Jeff Camp 0-0: Ball
1-0: Swinging Strike
1-1: Ball
2-1: Ball
3-1: Foul Ball, location: 2F
3-2: Foul Ball, location: 2F
3-2: Foul Ball, location: 2F
3-2: Base on Balls
Batting: RHB Alohinani Puanani 0-0: Ball
1-0: Ball
2-0: Foul Ball, location: 2F
2-1: Fly out, F7 (Flyball, 7LS, EV 95.0 MPH)
Batting: LHB Numberto Pencíl 0-0: Ground out U3 (Groundball, 34S, EV 78.1 MPH)
Jeff Camp to second
Batting: RHB Charlie Cummings 0-0: Called Strike
0-1: Called Strike
0-2: Ball
1-2: Ball
2-2: Strikes out swinging
Top of the 8th over - 0 runs, 0 hits, 0 errors, 1 left on base; Akron 3 - Ithaca 1
BOTTOM OF THE 8TH
Ithaca Fighting Imps batting - Pitching for Akron Blimps : RHP Vicente López
Now in LF: Garrett Crocker
Batting: RHB Patrick Mildren 0-0: Foul Ball, location: 2F
0-1: Ball
1-1: Swinging Strike
1-2: Foul Ball, location: 2F
1-2: Strikes out looking
Pitching: RHP Elliot Roebuck
Now in LF: Wessel Dekkers
Batting: RHB Jonathan Elmore 0-0: Ball
1-0: Called Strike
1-1: Ball
2-1: Ball
3-1: Ground out 4-3 (Groundball, 4S, EV 71.2 MPH)
Batting: RHB Juan Núñez 0-0: Ball
1-0: Called Strike
1-1: Fly out, F7 (Flyball, 78D, EV 86.2 MPH)
Bottom of the 8th over - 0 runs, 0 hits, 0 errors, 0 left on base; Akron 3 - Ithaca 1
TOP OF THE 9TH
Akron Blimps batting - Pitching for Ithaca Fighting Imps : RHP Surya Prawiranega
Batting: LHB Octávio Obezo 0-0: Foul Ball, location: 2F
0-1: Ball
1-1: Called Strike
1-2: SINGLE (Line Drive, 56D, EV 99.4 MPH)
Batting: RHB Dave Hill 0-0: Ball
1-0: Ball
2-0: Bunted foul
2-1: Bunted foul
2-2: Ball
3-2: Fly out, F8 (Line Drive, 8LM, EV 93.8 MPH)
Batting: LHB Pedro Durán 0-0: Ball
1-0: Ball
2-0: Fielders Choice at 2nd, 1-6 (Groundball, 13S, EV 73.8 MPH)
Batting: RHB Jim Robbins 0-0: Ball
1-0: Called Strike
1-1: Ball
2-1: DOUBLE (Line Drive, 7LS, EV 95.0 MPH)
Pedro Durán to third
Runner from 3rd tries for Home, SAFE, throw by LF to home
Batting: SHB Salvador Berrocal 0-0: Ball
1-0: Ball
2-0: Foul Ball, location: 2F
2-1: Ball
3-1: Swinging Strike
3-2: Strikes out swinging
Top of the 9th over - 1 run, 2 hits, 0 errors, 1 left on base; Akron 4 - Ithaca 1
BOTTOM OF THE 9TH
Ithaca Fighting Imps batting - Pitching for Akron Blimps : RHP Elliot Roebuck
Batting: RHB Ted Norman 0-0: Called Strike
0-1: Ball
1-1: Foul Ball, location: 2F
1-2: Ball
2-2: Foul Ball, location: 2F
2-2: Foul Ball, location: 2F
2-2: Foul Ball, location: 2F
2-2: Fly out, F3 (Line Drive, 3, EV 66.2 MPH)
Batting: LHB Donald McJannett 0-0: Ball
1-0: Ball
2-0: Ball
3-0: Base on Balls
Pitching: LHP Ramón Sánchez
Batting: RHB Adrián Xirau 0-0: Foul Ball, location: 2F
0-1: Grounds into double play, 5-4-3 (Groundball, 56, EV 101.9 MPH)
Bottom of the 9th over - 0 runs, 0 hits, 0 errors, 0 left on base; Akron 4 - Ithaca 1
Tuesday, January 5th, 2021 - OOTP Baseball 20.8 Build 74